 Dungeon Crawl Stone Soup version 0.23-a0-395-gcf17ac6 (webtiles) character file.

62 MisterFreud the Skirmisher (level 3, 0/37 HPs)
             Began as a Minotaur Abyssal Knight on Nov 1, 2018.
             Was a Follower of Lugonu.
             Succumbed to an adder's poison
             ... on level 2 of the Dungeon.
             The game lasted 00:02:57 (1336 turns).

MisterFreud the Skirmisher (MiAK)                   Turns: 1336, Time: 00:02:58

Health: 0/37       AC:  3    Str: 17    XL:     3   Next: 85%
Magic:  3/3        EV: 11    Int: 14    God:    Lugonu [*.....]
Gold:   141        SH:  0    Dex:  9    Spells: 2/2 levels left

rFire    . . .     SeeInvis .   a - +1 falchion
rCold    . . .     Gourm    .   (no shield)
rNeg     . . .     Faith    .   b - +0 leather armour
rPois    .         Spirit   .   (helmet restricted)
rElec    .         Reflect  .   (no cloak)
rCorr    .         Harm     .   (no gloves)
MR       .....                  (no boots)
Stlth    +.........             (no amulet)
HPRegen  0.12/turn              (no ring)
MPRegen  0.08/turn              (no ring)

@: brilliant, lethally poisoned (0 -> -4)
A: retaliatory headbutt, horns 2
a: Depart the Abyss, Renounce Religion


You were on level 2 of the Dungeon.
You worshipped Lugonu.
Lugonu was aware of your devotion.
You were not hungry.

You visited 1 branch of the dungeon, and saw 2 of its levels.
You visited the Abyss 1 time.

You collected 141 gold pieces.

Inventory:

Hand Weapons
 a - a +1 falchion (weapon)
 d - a +0 hunting sling
Missiles
 e - 97 stones (quivered)
 j - 21 bolts
 k - 20 arrows
Armour
 b - a +0 leather armour (worn)
Scrolls
 g - a scroll of remove curse {unknown}
 h - a scroll of magic mapping {unknown}
 i - 2 scrolls of identify {unknown}
 l - a scroll of enchant weapon {unknown}
 m - a scroll of immolation {unknown}
Comestibles
 c - a ration


   Skills:
 + Level 5.7 Fighting
 - Level 2.4 Long Blades
 - Level 2.4 Armour
 - Level 1.1 Dodging
 - Level 1.9 Invocations


You had 2 spell levels left.
You didn't know any spells.
Your spell library was empty.

Dungeon Overview and Level Annotations

Branches:
Dungeon (2/15)

Altars:


Innate Abilities, Weirdness & Mutations

You reflexively headbutt those who attack you in melee.
You have a pair of horns on your head.


Message History

* * * LOW HITPOINT WARNING * * *
The adder bites you.
* * * LOW HITPOINT WARNING * * *
You hit the adder.
You kill the adder!
Lugonu accepts your kill.
* * * LOW HITPOINT WARNING * * *
You feel sick. The jackal barely misses you. You furiously retaliate!
You headbutt the jackal.
You kill the jackal!
Lugonu accepts your kill.
You aren't carrying any potions.
Unknown command.
Unknown command.
Unknown command.
Unknown command.
* * * LOW HITPOINT WARNING * * *
You feel sick.
A jackal comes into view.
You die...

####### #.....#
#.....# #.....#
#.....# ###.....#
####.......#
########....#.....#
.......<.####@....#
###########.......#
#######h#.....#
#....†..######...
#h####### ... .#


You could see a jackal.

Vanquished Creatures
  An adder (D:2)
  An ooze (D:1)
  A dart slug (D:1)
  2 leopard geckos (D:1)
  2 ball pythons (D:1)
  2 bats (D:1)
  A giant cockroach (D:1)
  4 goblins (D:1)
  8 hobgoblins (D:1)
  5 jackals
  5 kobolds (D:1)
  4 frilled lizards (D:1)
  5 rats (D:1)
41 creatures vanquished.

Notes
Turn   | Place    | Note
-------+----------+-------------------------------------------
     0 | Abyss:1  | MisterFreud the Minotaur Abyssal Knight began the quest for
                  | the Orb.
     0 | Abyss:1  | Reached XP level 1. HP: 19/19 MP: 1/1
    40 | Abyss:1  | Noticed a golden eye
    41 | D:1      | Escaped the Abyss
   117 | D:1      | Reached skill level 4 in Fighting
   136 | D:1      | Reached XP level 2. HP: 24/27 MP: 2/2
   199 | D:1      | Reached * piety under Lugonu
   371 | D:1      | Reached skill level 5 in Fighting
   756 | D:1      | Reached XP level 3. HP: 36/36 MP: 3/3
  1334 | D:2      | HP: 1/37 [poisoned by an adder]
  1336 | D:2      | Succumbed to an adder's poison

Vault maps used:
D:1:      dpeg_arrival_arbitrary_a
D:2:      kennysheep_crisscross, minmay_tree_intersection,
          kennysheep_generic_room_16

Skill      XL: |  1  2 |
---------------+-------+-----
Fighting       | 4 5 |  5.7
Long Blades    | |  2.4
Armour         | |  2.4
Dodging        | |  1.1
Invocations    | |  1.9

Action                   || total
-------------------------++-------
Melee: Falchion          ||    90
       Headbutt          ||     5
Invok: Depart the Abyss  ||     1
  Use: Potion            ||     1
  Eat: Chunk             ||     1
Armor: Leather armour    ||    13
Dodge: Dodged            ||    52
       Rpst.: Falchion   ||    11

Table legend:
 A = Non-vault XP
 B = Vault XP
 C = Vault XP percentage of total XP
 D = Non-vault monster count
 E = Vault monster count
 F = Vault count percentage of total count
                 A         B        C        D         E       F
            +---------+---------+-------+---------+---------+-------
      Total |      89 |       0 |   0.0 |      41 |       0 |   0.0
            +---------+---------+-------+---------+---------+-------
        D:1 |      74 |       0 |   0.0 |      39 |       0 |   0.0
        D:2 |      15 |       0 |   0.0 |       2 |       0 |   0.0
            +---------+---------+-------+---------+---------+-------
